 Dungeon Crawl Stone Soup version 0.29-a0-380-gf50f0a9fbc (webtiles) character file.

Game seed: 2035012941213862738

4 Antichthon the Skirmisher (level 1, 0/14 HPs)
             Began as a Gargoyle Fighter on May 6, 2022.
             Constricted to death by a ball python (1 damage)
             ... on level 1 of the Dungeon.
             The game lasted 00:00:19 (80 turns).

Antichthon the Skirmisher (Gargoyle Fighter)          Turns: 80, Time: 00:00:20

Health: 0/14       AC:  9    Str: 19    XL:     1   Next: 70%
Magic:  1/1        EV:  6    Int:  8    God:
Gold:   0          SH:  4    Dex:  9    Spells: 0/0 levels left

rFire   . . .      SeeInvis .   a - +0 flail
rCold   . . .      Faith    .   c - +0 buckler
rNeg    + . .      Spirit   .   b - +0 scale mail
rPois   ∞          Reflect  .   (no helmet)
rElec   +          Harm     .   (no cloak)
rCorr   .          Rampage  .   (no gloves)
Will    .....                   (no boots)
Stlth   ..........              (no amulet)
HPRegen 0.04/turn               (no ring)
MPRegen 0.07/turn               (no ring)

@: mighty, constricted
A: sickness immunity, AC +2, negative energy resistance 1, electricity
resistance, torment resistance 1, petrification resistance
a: no special abilities


You were on level 1 of the Dungeon.
You visited 1 branch of the dungeon, and saw 1 of its levels.

Inventory:

Hand Weapons
 a - a +0 flail (weapon)
Armour
 b - a +0 scale mail (worn)
 c - a +0 buckler (worn)


   Skills:
 * Level 3.3 Fighting
 * Level 2.0 Maces & Flails
 * Level 3.3 Armour
 * Level 3.3 Shields
 * Level 0.3 Invocations


You couldn't memorise any spells.
You didn't know any spells.
Your spell library was empty.

Dungeon Overview and Level Annotations

Branches:
Dungeon (1/15)

Altars:


Innate Abilities, Weirdness & Mutations

You are immune to sickness and miasma.
Your stone body is resilient. (AC +2)
You are immune to poison.
You resist negative energy. (rN+)
You are resistant to electric shocks. (rElec)
You are resistant to unholy torment.
You are immune to petrification.


Message History

The ball python attacks as you move away!
The ball python bites you but does no damage.
The ball python barely misses you.
Unknown command.
The rat bites you but does no damage.
A quokka comes into view.
Found 12 gold pieces.
The hobgoblin hits you.
* * * LOW HITPOINT WARNING * * *
The ball python bites you but does no damage.
The ball python grabs you. The ball python constricts you.
You escape the ball python's grasp.
The quokka bites you but does no damage.
The quokka barely misses you.
The frilled lizard unfolds its giant frill.
You feel very mighty all of a sudden. The quokka misses you.
You closely miss the quokka. The quokka barely misses you.
You block the quokka's attack.
You miss the quokka.
The quokka bites you but does no damage.
The endoplasm jiggles.
You closely miss the quokka. You block the quokka's attack.
The quokka bites you but does no damage.
You barely miss the quokka. You block the quokka's attack. x2
You thump the quokka!
You kill the quokka!
The ball python bites you but does no damage.
The ball python grabs you. The ball python constricts you.
You barely miss the ball python.
The ball python bites you but does no damage.
The ball python constricts you.
You barely miss the ball python. The ball python barely misses you.
The ball python constricts you.
* * * LOW HITPOINT WARNING * * *
The ball python barely misses you. The ball python constricts you.
* * * LOW HITPOINT WARNING * * *
You barely miss the ball python.
The ball python bites you but does no damage.
The ball python constricts you.
You die...

##..J.......#
#....?......#
#J....##.##...
#B##w#.≈.≈.#..
#J#.#..≈.≈..#.
#.#####lK# ≈≈≈.≈≈≈≈
#.....gr#..≈.≈≈≈.≈.
#######S#.$.≈≈_≈≈
#@# ..≈≈. #.# ..≈.≈
#.# ≈.≈. ##. .≈.. #


You could see 2 endoplasms, a giant cockroach, a hobgoblin, a ball python, a
kobold, a frilled lizard and a rat.

Vanquished Creatures
  A hobgoblin (D:1)
  A kobold (D:1)
  A quokka (D:1)
  A rat (D:1)
4 creatures vanquished.

Notes
Turn   | Place    | Note
-------+----------+-------------------------------------------
     0 | D:1      | Antichthon the Gargoyle Fighter began the quest for the
                  | Orb.
     0 | D:1      | Reached XP level 1. HP: 14/14 MP: 1/1
    59 | D:1      | Found a faded altar of an unknown god.
    80 | D:1      | Constricted to death by a ball python

Illustrated notes

Levels and vault maps discovered:
D:1:      lemuel_arrival_muddy, layout_basic,
          shapermc_ecumenical_altar_starsandcircs

Action                   || total
-------------------------++-------
Melee: Flail             ||    12
  Use: Potion            ||     1
Armor: Scale mail        ||    21
Dodge: Dodged            ||    24
Block: Buckler           ||     6

Table legend: (Time is in decaauts)
 A = Elapsed time spent in this place.
 B = Non-inter-level travel time spent in this place.
 C = Inter-level travel time spent in this place.
 D = Time resting spent in this place.
 E = Time spent auto-exploring this place.
 F = Levels seen in this place.
 G = Mean time per level.
                   A        B        C        D        E       F      G
               +--------+--------+--------+--------+--------+-----+--------+
         Total |     84 |     84 |      0 |      0 |     43 |   1 |   84.0 |
       Dungeon |     84 |     84 |      0 |      0 |     43 |   1 |   84.0 |
               +--------+--------+--------+--------+--------+-----+--------+

Top non-repeatable levels by time:
     D:1: 84 daAuts
